 Dungeon Sprint DCSS version 0.26-a0-1181-gd376ed14c5 (webtiles) character file.

Game seed: 8337006539497431347

817 sahdkjhfkaj the Earth Mage (level 7, -4/54 HPs)
             Began as a Gargoyle Earth Elementalist on Dec 26, 2020.
             Was a Priest of Vehumet.
             Slain by a toenail golem (5 damage)
             ... in the Dungeon (Sprint V: "Ziggurat Sprint").
             The game lasted 00:02:02 (199 turns).

sahdkjhfkaj the Earth Mage (GrEE)                    Turns: 199, Time: 00:02:02

Health: -4/54      AC:  9    Str: 11    XL:     7   Next: 94%
Magic:  19/19      EV: 12    Int: 18    God:    Vehumet [***...]
Gold:   0          SH:  0    Dex: 10    Spells: 23/24 levels left

rFire    + . .     SeeInvis .   a - +8 lance "Wyrmbane" {slay drac, rPois rF+ rC+ AC+3}
rCold    + . .     Faith    .   (no shield)
rNeg     + . .     Spirit   .   c - +0 robe
rPois    ∞         Reflect  .   (no helmet)
rElec    +         Harm     .   (no cloak)
rCorr    .         Rampage  .   (no gloves)
Will     .....     NoTele   +   (no boots)
Stlth    ..........             (no amulet)
HPRegen  0.18/turn              (no ring)
MPRegen  0.16/turn              (no ring)

@: berserking (expiring), very quick
A: negative energy resistance 1, electricity resistance, unbreathing,
petrification resistance, miasma immunity, AC +4
a: Renounce Religion


You were in the Dungeon.
You worshipped Vehumet.
Vehumet was most pleased with you.
You visited 1 branch

Inventory:

Hand Weapons
 a - the +8 lance "Wyrmbane" (weapon) {slay drac, rPois rF+ rC+ AC+3}
   (You found it in the Dungeon)

   It affects your AC (+3).
   It protects you from fire.
   It protects you from cold.
   It protects you from poison.
Missiles
 b - 30 stones (quivered)
Armour
 c - a +0 robe (worn)
 E - a +3 buckler
Magical Staves
 F - an uncursed staff of earth
Jewellery
 t - an uncursed ring of flight
 u - a +6 ring of dexterity
 v - a +6 ring of dexterity
 w - a +6 ring of intelligence
 x - a +6 ring of intelligence
 y - a +6 ring of strength
 z - a +6 ring of strength
Wands
 A - a wand of disintegration (7)
 B - a wand of iceblast (7)
 C - a wand of acid (7)
Scrolls
 f - 5 scrolls of identify
 i - 4 scrolls of blinking
 n - 4 scrolls of amnesia
 o - 7 scrolls of fog
 p - a scroll of holy word
 r - 5 scrolls of remove curse
 s - 2 scrolls of fear
Potions
 d - 10 potions of curing
 e - 12 potions of heal wounds
 g - 7 potions of magic
 h - 2 potions of berserk rage
 j - a potion of invisibility
 k - 3 potions of resistance
 m - 4 potions of might
 q - 5 potions of haste
 D - 2 potions of brilliance
Miscellaneous
 l - a lightning rod (4/4)


   Skills:
 - Level 1.5 Dodging
 - Level 2.1 Stealth
 + Level 9.3 Spellcasting
 - Level 0.7 Transmutations
 * Level 15.9 Earth Magic


You had 23 spell levels left.
You knew the following spells:

 Your Spells              Type           Power        Failure   Level
a - Sandblast             Erth           100%         0%          1

Your spell library contained the following spells:

 Spells                   Type           Power        Failure   Level
 Foxfire                  Conj/Fire      32%          2%          1
 Passwall                 Tmut/Erth      31%          1%          2
 Stone Arrow              Conj/Erth      74%          1%          3
 Lee's Rapid Deconstruct  Erth           30%          1%          5
 Freeze                   Ice            32%          2%          1
 Petrify                  Tmut/Erth      38%          2%          4
 Ignite Poison            Fire/Tmut/Pois 9%           7%          3
 Sting                    Tmut/Pois      36%          8%          1
 Poisonous Vapours        Pois/Air       16%          13%         2
 Hailstorm                Conj/Ice       8%           21%         4
 Olgreb's Toxic Radiance  Pois           8%           21%         4
 Spider Form              Tmut/Pois      4%           22%         3
 Freezing Cloud           Conj/Ice/Air   4%           95%         6
 Eringya's Noxious Bog    Tmut/Pois      4%           100%        6
 Dragon's Call            Summ           4%           100%        9


Dungeon Overview and Level Annotations

Branches:
Dungeon (1/1)

Altars:
Ashenzari
Cheibriados
Dithmenos
Elyvilon
Fedhas
Gozag
Hepliaklqana
Kikubaaqudgha
Makhleb
Nemelex Xobeh
Okawaru
Qazlal
Ru
Sif Muna
Trog
Uskayaw
Vehumet
Wu Jian
Xom
Yredelemnul
Zin
The Shining One
Beogh
Jiyva
Lugonu

Annotations:
D 1 transporter


Innate Abilities, Weirdness & Mutations

You are resistant to torment.
Your stone body is resilient. (AC +4)
You are immune to poison.
You resist negative energy. (rN+)
You are resistant to electric shocks. (rElec)
You can survive without breathing.
You are immune to petrification.
You are immune to miasma.


Message History

The toenail golem is heavily damaged.
The toenail golem hits you!
* * * LOW HITPOINT WARNING * * *
Unknown command.
You hit the toenail golem.
The toenail golem is heavily damaged.
The toenail golem hits you but does no damage.
The toenail golem closely misses you.
You barely miss the toenail golem.
The toenail golem is heavily damaged.
The toenail golem hits you.
* * * LOW HITPOINT WARNING * * *
You puncture the toenail golem!
The toenail golem is severely damaged.
The toenail golem hits you.
* * * LOW HITPOINT WARNING * * *
You puncture the toenail golem!
The toenail golem is almost destroyed.
The toenail golem hits you.
You die...

▓.....▓...†.▓..©.
▓..©..▓..©..▓▓▓▓▓
▓▓▓▓▓▓▓▓▓▓▓▓▓▓
▓..8©8...▓
▓..?:"...▓
▓..."....▓
▓........▓
▓........▓
▓@▓....▓.▓
▓.88©....▓
▓▓▓▓▓▓▓▓▓▓


You could see 2 toenail golems.

Vanquished Creatures
  A toenail golem (D)
  Sigmund (D)
  3 hell hounds (D)
  Jessica (D)
  2 adders (D)
  2 ball pythons (D)
10 creatures vanquished.

Notes
Turn   | Place    | Note
-------+----------+-------------------------------------------
     0 | D        | sahdkjhfkaj the Gargoyle Earth Elementalist began the quest
                  | for the Orb.
     0 | D        | Reached XP level 1. HP: 10/10 MP: 3/3
     0 | D        | Found a shimmering blue altar of Sif Muna.
     0 | D        | Found a sacrificial altar of Ru.
     0 | D        | Found a bloodstained altar of Trog.
     0 | D        | Found a stormy altar of Qazlal.
     0 | D        | Found an iron altar of Okawaru.
     0 | D        | Found a sparkling altar of Nemelex Xobeh.
     0 | D        | Found a blossoming altar of Fedhas.
     1 | D        | Found the +6 Majin-Bo {vamp, MP+6 Int+6}
     1 | D        | Found the +9 heavy crossbow "Sniper" {vorpal, Acc+∞ SInv}
     1 | D        | Found the +10 dark maul {vorpal}
     1 | D        | Found the +15 Maxwell's patent armour {-Cast -Tele rElec
                  | Will+ rCorr}
     1 | D        | Found the +18 shield of the Gong {rElec rN+ Will+ EV-5}
     1 | D        | Found the cursed +14 obsidian axe {vorpal, +Fly SInv
                  | *Curse}
     1 | D        | Found the +7 great mace "Firestarter" {inner flame, rF++}
     1 | D        | Found the +6 shillelagh "Devastator" {shatter}
     1 | D        | Found the +11 plutonium sword {*Contam Stlth-}
     1 | D        | Found the +8 lance "Wyrmbane" {slay drac, rPois rF+ rC+
                  | AC+3}
     1 | D        | Found the +9 sword of Zonguldrok {reap}
     1 | D        | Found the cursed +13 scythe of Curses {drain, *Curse}
     1 | D        | Found the +5 sword of Power {vorpal}
     1 | D        | Found the +7 mace of Variability {chain chaos}
     1 | D        | Found the +7 Singing Sword {vorpal, sonic wave}
     1 | D        | Found the +8 storm bow {elec, penet}
     2 | D        | Found a transporter.
     2 | D        | Found an ancient bone altar of Kikubaaqudgha.
     2 | D        | Found a viscous altar of Jiyva.
     2 | D        | Found a corrupted altar of Lugonu.
     2 | D        | Found a hazy altar of Hepliaklqana.
     2 | D        | Found a burning altar of Makhleb.
     2 | D        | Found an opulent altar of Gozag.
    35 | D        | Reached skill level 8 in Earth Magic
    35 | D        | Reached XP level 2. HP: 15/15 MP: 4/7
    59 | D        | Became a worshipper of Vehumet
    80 | D        | Entered arena 2.
    80 | D        | Noticed Sigmund
    80 | D        | Noticed Jessica
    80 | D        | Found a transporter.
    83 | D        | Killed Jessica
    84 | D        | Reached skill level 9 in Earth Magic
    84 | D        | Reached XP level 3. HP: 19/19 MP: 9/9
    85 | D        | Killed Sigmund
    86 | D        | Reached skill level 12 in Earth Magic
    86 | D        | Reached XP level 4. HP: 24/24 MP: 9/12
    86 | D        | Reached XP level 5. HP: 28/28 MP: 10/14
    92 | D        | Entered arena 3.
    92 | D        | Noticed a hell hound
    92 | D        | Noticed a hell hound
    92 | D        | Noticed a hell hound
    92 | D        | Found a transporter.
    98 | D        | Killed a hell hound
    98 | D        | Reached * piety under Vehumet
    98 | D        | Offered knowledge of Foxfire by Vehumet.
    99 | D        | Reached skill level 13 in Earth Magic
    99 | D        | Reached XP level 6. HP: 21/32 MP: 12/16
   109 | D        | Killed a hell hound
   115 | D        | Killed a hell hound
   116 | D        | Reached skill level 14 in Earth Magic
   116 | D        | Reached XP level 7. HP: 30/36 MP: 16/18
   122 | D        | Entered arena 4.
   122 | D        | Found a transporter.
   128 | D        | Reached ** piety under Vehumet
   137 | D        | Got the Reference Book on Freezing Calling
   139 | D        | Got the Disquisition on Contamination
   177 | D        | Entered arena 5.
   177 | D        | Noticed a toenail golem
   177 | D        | Noticed a toenail golem
   177 | D        | Noticed a toenail golem
   177 | D        | Noticed a toenail golem
   177 | D        | Found a transporter.
   191 | D        | Killed a toenail golem
   191 | D        | Reached *** piety under Vehumet
   192 | D        | Reached skill level 15 in Earth Magic
   197 | D        | HP: 1/54 [toenail golem (6)]
   199 | D        | Slain by a toenail golem

Illustrated notes

Levels and vault maps discovered:
D:        sprint_v [room_start, room_1, room_2, room_3, room_4, room_5, room_6,
          room_7, room_8, room_9, room_10, room_11, room_12, room_13, room_14,
          room_15, room_16, room_17, room_18, room_19, room_20, room_21,
          room_22, room_23, room_24, room_25, room_26, room_27]

Skill      XL: |  1  2  3  4  5  6  7 |
---------------+----------------------+-----
Spellcasting   | 4 6 7 8 9 |  9.3
Earth Magic    | 8 9 12 13 14 15 | 15.9
Dodging        | |  1.5
Stealth        | |  2.1
Transmutations | |  0.7

Action                   |  1- 3 |  4- 6 |  7- 9 || total
-------------------------+-------+-------+-------++-------
Melee: Lance             |     4 |    21 |    25 ||    50
  Use: Potion            |     5 |     1 |     2 ||     8
Armor: Robe              |       |    17 |    19 ||    36
Dodge: Dodged            |     1 |    15 |    14 ||    30

Table legend: (Time is in decaauts)
 A = Elapsed time spent in this place.
 B = Non-inter-level travel time spent in this place.
 C = Inter-level travel time spent in this place.
 D = Time resting spent in this place.
 E = Time spent auto-exploring this place.
 F = Levels seen in this place.
 G = Mean time per level.
                   A        B        C        D        E       F      G
               +--------+--------+--------+--------+--------+-----+--------+
         Total |    183 |    183 |      0 |     34 |     21 |   1 |  183.0 |
       Dungeon |    183 |    183 |      0 |     34 |     21 |   1 |  183.0 |
               +--------+--------+--------+--------+--------+-----+--------+

Top non-repeatable levels by time:
       D: 183 daAuts
